 Dungeon Crawl Stone Soup version 0.21-a0-578-gc6e9d75 (webtiles) character file.

12363 kae the Martial Artist (level 11, 0/93 (95) HPs)
             Began as a White Draconian Transmuter on Dec 18, 2017.
             Was an Elder of Wu Jian.
             Slain by an eight-headed hydra (6 damage)
             ... on level 11 of the Dungeon.
             The game lasted 00:17:40 (15428 turns).

kae the Martial Artist (DrTm)                      Turns: 15428, Time: 00:17:41

HP:   0/93 (95)     AC:  2    Str: 13    XL:     11   Next: 61%
MP:   0/21          EV: 27    Int: 19    God:    Wu Jian [****..]
Gold: 561           SH:  0    Dex: 20    Spells: 18/24 levels left

rFire    . . .     SeeInvis +     - Unarmed
rCold    . . .     Gourm    .   (shield currently unavailable)
rNeg     . . .     Faith    .   (armour unavailable)
rPois    x         Spirit   +   (helmet currently unavailable)
rElec    .         Reflect  .   (cloak currently unavailable)
rCorr    .         Harm     .   (gloves currently unavailable)
MR       .....                  (boots currently unavailable)
Stlth    ++........             m - amulet of guardian spirit
HPRegen  0.25/turn              k - +6 ring of intelligence
MPRegen  0.17/turn              v - ring of see invisible

@: short of breath, spider-form
A: tiny, (breathe frost), unfitting armour, AC +7
a: End Transformation, Serpent's Lash, Renounce Religion


You were on level 11 of the Dungeon.
You worshipped Wu Jian.
Wu Jian was greatly pleased with you.
You were not hungry.
You were a venomous arachnid creature.
You visited 2 branches of the dungeon, and saw 12 of its levels.

You collected 621 gold pieces.
You spent 60 gold pieces at shops.

Inventory:

Hand Weapons
 g - a +0 whip
 i - a +6 whip (melded)
Missiles
 a - 239 arrows
Armour
 f - a scarf of repulsion (melded)
 q - a +2 pair of gloves (melded)
Jewellery
 k - a +6 ring of intelligence (left front leg)
 m - an amulet of guardian spirit (around neck)
 v - a ring of see invisible (right front leg)
 B - an uncursed amulet of harm
Wands
 o - a wand of enslavement (25)
 s - a wand of scattershot (4)
 x - a wand of acid (9)
 A - a wand of polymorph (18)
 C - a wand of digging (20)
Scrolls
 d - 6 scrolls of identify
 e - 2 scrolls of magic mapping
 h - 3 scrolls of enchant weapon
 n - 8 scrolls of remove curse
 r - a scroll of fog
 w - a scroll of enchant armour
 y - a scroll of torment
 z - a scroll of blinking
 H - 2 scrolls of amnesia
Potions
 j - a potion of mutation
 l - a potion of agility
 p - a potion of flight
 t - 3 potions of curing
 u - a potion of resistance
 D - a potion of berserk rage
 E - 2 potions of haste
 G - a potion of brilliance {unknown}
Books
 b - a book of Changes

   Spells                             Type                      Level
   a - Beastly Appendage              Transmutation                1
   b - Sticks to Snakes               Transmutation                2
   c - Spider Form                    Transmutation/Poison         3
   d - Ice Form                       Ice/Transmutation            4
   e - Blade Hands                    Transmutation                5
 I - a book of Necromancy

   Spells                             Type                      Level
   a - Pain                           Necromancy                   1
   b - Animate Skeleton               Necromancy                   1
   c - Vampiric Draining              Necromancy                   3
   d - Regeneration                   Charms/Necromancy            3
   e - Animate Dead                   Necromancy                   4
   f - Control Undead                 Necromancy                   4
Comestibles
 c - 10 rations


   Skills:
 + Level 8.3 Fighting
 + Level 7.2 Dodging
 * Level 11.3 Unarmed Combat
 + Level 7.2 Spellcasting
 + Level 8.0 Transmutations


You had 18 spell levels left.
You knew the following spells:

 Your Spells              Type           Power        Failure   Level  Hunger
a - Beastly Appendage     Tmut           #####.       3%          1    None
b - Sticks to Snakes      Tmut           #####...     3%          2    None
c - Spider Form           Tmut/Pois      ###.......   16%         3    #......


Dungeon Overview and Level Annotations

Branches:
Dungeon (11/15)            Temple (1/1) D:5
   Lair: D:8-11         Orc: D:9-12

Altars:
Ashenzari
Cheibriados
Dithmenos
Elyvilon
Fedhas
Gozag
Hepliaklqana
Kikubaaqudgha
Makhleb
Nemelex Xobeh
Okawaru
Qazlal
Ru
Sif Muna
Trog
Uskayaw
Vehumet
Wu Jian
Xom
Yredelemnul
Zin
The Shining One

Shops:
D:4 [%=}   D:6 !?   D:7 =   D:8 }

Annotations:
D:4 Edmund


Innate Abilities, Weirdness & Mutations

((You can breathe waves of freezing cold.))
((You can buffet flying creatures when you breathe cold.))
((Your icy white scales are hard. (AC +7)))
You cannot fit into any form of body armour.
((Your flesh is cold resistant. (rC+)))
((You are cold-blooded and may be slowed by cold attacks.))


Message History

The eight-headed hydra bites you!
The eight-headed hydra completely misses you.
You repeatedly attack the eight-headed hydra from above.
You hit the eight-headed hydra.
The eight-headed hydra is lightly wounded.
You hit the eight-headed hydra.
The eight-headed hydra is moderately wounded.
You hit the eight-headed hydra.
The eight-headed hydra is moderately wounded.
The eight-headed hydra barely misses you.
The eight-headed hydra misses you. x2; The eight-headed hydra bites you!
* * * LOW HITPOINT WARNING * * *
The eight-headed hydra barely misses you.
The eight-headed hydra bites you.
* * * LOW HITPOINT WARNING * * *
The eight-headed hydra closely misses you.
The eight-headed hydra bites you!
* * * LOW HITPOINT WARNING * * *
The eight-headed hydra bites you!
You die...

# ##################
.................########
......######....<........
......#....#.............
......#....#.............
......#....'...§§§.......
......#....#...§s§.......
###...#....#...§D§.......
#...######.............
#.(...........###+###..
#............## .
..........##
.......######## ......
.....


You could see an eight-headed hydra.

Vanquished Creatures
  Josephine (D:10)
  Erolcha (D:9)
  Erica (D:10)
  2 two-headed ogres
  Urug (D:10)
  Pikel (D:7)
  A spriggan (D:7)
  6 yaks
  5 wraiths (D:10)
  2 hungry ghosts
  Menkaure (D:3)
  A water moccasin (D:6)
  3 ice beasts
  4 eyes of draining
  4 orc warriors
  5 sky beasts
  A slave (D:7)
  6 ogres
  4 necrophages
  3 phantoms
  A centaur (D:7)
  3 big kobolds
  4 bullfrogs
  4 scorpions
  7 wights
  A bullfrog zombie (D:10)
  4 crimson imps
  4 howler monkeys
  A centaur zombie (D:7)
  3 quasits
  5 jellies
  3 hounds
  Crazy Yiuf (D:7)
  7 orc priests
  15 orc wizards
  A bullfrog skeleton (D:6)
  3 iguanas
  Natasha (twice) (D:4)
  9 worker ants
  3 hound skeletons
  2 worker ant zombies (D:9)
  18 gnolls
  6 adders
  2 shadow imps
  An ooze (D:2)
  An adder zombie (D:9)
  2 worms
  2 adder skeletons
  3 dart slugs
  11 leopard geckos
  37 orcs
  3 ball pythons
  12 bats
  7 giant cockroaches
  6 goblins
  10 hobgoblins
  3 jackals (D:3)
  3 quokkas
  9 frilled lizards
  A jackal skeleton (D:5)
  24 kobolds
  A leopard gecko skeleton (D:6)
  A quokka skeleton (D:4)
  6 rats
305 creatures vanquished.

Vanquished Creatures (collateral kills)
  A hound (D:10)
1 creature vanquished.

Vanquished Creatures (others)
  An orc wizard (D:9)
  A worker ant zombie (D:8)
2 creatures vanquished.

Grand Total: 308 creatures vanquished

Notes
Turn   | Place    | Note
-------+----------+-------------------------------------------
     0 | D:1      | kae the Draconian Transmuter began the quest for the Orb.
     0 | D:1      | Reached XP level 1. HP: 16/16 MP: 3/3
   292 | D:1      | Reached XP level 2. HP: 22/23 MP: 3/5
  1001 | D:2      | Reached XP level 3. HP: 28/28 MP: 6/6
  1247 | D:1      | Reached XP level 4. HP: 34/36 MP: 7/7
  1544 | D:3      | Reached skill level 4 in Unarmed Combat
  1784 | D:3      | Reached XP level 5. HP: 41/41 MP: 6/8
  3248 | D:4      | Noticed Menkaure
  3255 | D:3      | Killed Menkaure
  3255 | D:3      | Reached XP level 6. HP: 24/50 MP: 8/10
  3690 | D:4      | Found Ysaceoll's Food Shop.
  3691 | D:4      | Found Aniovvy's Antique Armour Shop.
  3694 | D:4      | Found Adazug's Gadget Shop.
  3703 | D:4      | Found Xuin's Jewellery Shop.
  3709 | D:4      | Bought a cursed amulet of inaccuracy for 22 gold pieces
  3794 | D:4      | Reached skill level 5 in Unarmed Combat
  3800 | D:4      | Noticed Edmund
  4083 | D:4      | Learned a level 2 spell: Sticks to Snakes
  4087 | D:4      | Learned a level 3 spell: Spider Form
  4131 | D:4      | Noticed Natasha
  4136 | D:4      | Killed Natasha
  4275 | D:4      | Your scales start taking on an icy white colour.
  4275 | D:4      | Reached XP level 7. HP: 57/57 MP: 8/11
  4275 | D:4      | Gained mutation: Your flesh is cold resistant. (rC+) [White Draconian growth]
  4743 | D:4      | Noticed Natasha
  4749 | D:4      | Killed Natasha
  5101 | D:5      | Entered Level 5 of the Dungeon
  5493 | D:5      | Reached skill level 6 in Unarmed Combat
  5801 | D:5      | Reached XP level 8. HP: 54/66 MP: 13/13
  6325 | D:5      | Found a staircase to the Ecumenical Temple.
  6342 | Temple   | Entered the Ecumenical Temple
  6591 | Temple   | Became a worshipper of the Wu Jian Council
  6699 | D:5      | Reached skill level 7 in Unarmed Combat
  7071 | D:6      | Found Eriujor's Magic Scroll Boutique.
  7079 | D:6      | Bought a scroll of identify for 28 gold pieces
  7172 | D:6      | Found Meleer's Distillery.
  7189 | D:6      | Reached skill level 5 in Transmutations
  7234 | D:6      | Reached skill level 5 in Fighting
  7738 | D:6      | Bought a potion of degeneration for 10 gold pieces
  7826 | D:6      | Found an ancient bone altar of Kikubaaqudgha.
  7898 | D:6      | Reached XP level 9. HP: 51/74 MP: 7/16
  8006 | D:6      | Reached * piety under Wu Jian
  8055 | D:6      | Found a bloodstained altar of Trog.
  8162 | D:7      | Found a sacrificial altar of Ru.
  8175 | D:7      | Noticed Pikel
  8177 | D:7      | Noticed a gargoyle
  8398 | D:7      | Found Josk's Jewellery Shop.
  8473 | D:7      | Reached skill level 8 in Unarmed Combat
  8690 | D:7      | Reached skill level 5 in Spellcasting
  8697 | D:7      | Reached skill level 5 in Dodging
  9114 | D:7      | Killed Pikel
  9479 | D:7      | Found a runed door.
  9705 | D:7      | Noticed Crazy Yiuf
  9714 | D:7      | Killed Crazy Yiuf
  9862 | D:8      | Reached skill level 9 in Unarmed Combat
  9868 | D:8      | Reached ** piety under Wu Jian
 10096 | D:8      | Reached XP level 10. HP: 55/83 MP: 9/18
 10226 | D:8      | Found an ornate altar of the Wu Jian Council.
 10728 | D:8      | Found Ywookiom's Gadget Shoppe.
 11246 | D:8      | Found a bloodstained altar of Trog.
 11766 | D:9      | Noticed a two-headed ogre
 11780 | D:9      | Killed a two-headed ogre
 12108 | D:9      | Reached *** piety under Wu Jian
 12114 | D:9      | Noticed Erolcha
 12284 | D:9      | Reached skill level 10 in Unarmed Combat
 12845 | D:9      | Killed Erolcha
 12919 | D:10     | Entered Level 10 of the Dungeon
 13216 | D:10     | Reached XP level 11. HP: 83/90 MP: 17/20
 13254 | D:10     | Noticed a two-headed ogre
 13263 | D:10     | Killed a two-headed ogre
 13956 | D:10     | Noticed Josephine
 13966 | D:10     | Killed Josephine
 14186 | D:10     | Reached skill level 11 in Unarmed Combat
 14203 | D:10     | Noticed Erica
 14208 | D:10     | Noticed Urug
 14330 | D:10     | Killed Erica
 14716 | D:10     | Killed Urug
 14913 | D:11     | Paralysed by fainting for 12 turns
 15009 | D:11     | Noticed an eight-headed hydra
 15021 | D:11     | Reached **** piety under Wu Jian
 15428 | D:11     | Slain by an eight-headed hydra

Vault maps used:
D:1:      minmay_arrival_shoal_huts, minmay_hexomino_p4
D:2:      first_ration, hangedman_decor_growths
D:4:      st_stairs_9, minmay_shop_grid_forest, uniq_menkaure, uniq_edmund,
          uniq_natasha
D:5:      cheibrodos_thug_alley, temple_fountains
D:6:      nicolae_overflow_crystal_walls, serial_shops, shop,
          nicolae_shop_stone, basic_altar, minmay_misc_feat_square
D:7:      serial_shops, shop, the_bakery, hangedman_ru_absence,
          uniq_crazy_yiuf_cottage, uniq_pikel
D:8:      serial_shops, shop, basic_altar, trog_eyes_of_draining
D:9:      minmay_misc_feat_rugged, grunt_potential, uniq_erolcha
D:10:     uniq_josephine, uniq_urug, uniq_erica
D:11:     minmay_the_grid_octo_tiled_squarecenter, erik_lair_orcish_takeover,
          serial_shops, shop, shop_statue, uniq_fannar, uniq_psyche
Temple:   roderic_octagonal_lattice_temple

Skill      XL: |  1  2  3  4  5  6  7  8  9 10 11 |
---------------+----------------------------------+-----
Dodging        | 2 3 4 5 6 7 |  7.2
Fighting       | 2 3 4 5 6 7 8 |  8.3
Unarmed Combat | 4 5 6 7 9 10 11 | 11.3
Transmutations | 3 4 5 6 7 8 |  8.0
Spellcasting   | 3 4 5 6 7 |  7.2

Action                   |  1- 3 |  4- 6 |  7- 9 | 10-12 || total
-------------------------+-------+-------+-------+-------++-------
Melee: Unarmed           |    23 |     5 |   125 |   254 ||   407
       Whip              |    88 |   172 |   371 |   338 ||   969
       Kick              |     3 |     4 |    17 |       ||    24
       Tailslap          |     8 |    10 |    45 |    41 ||   104
       Headbutt          |     4 |     2 |     5 |     3 ||    14
       Punch             |       |     2 |    13 |    16 ||    31
 Cast: Beastly Appendage |     8 |     8 |    14 |     2 ||    32
       Spider Form       |       |     1 |    11 |    18 ||    30
       Sticks to Snakes  |       |       |       |     1 ||     1
Invok: Lunge             |       |       |    11 |    24 ||    35
       Whirlwind         |       |       |     6 |    45 ||    51
       Wall jump         |       |       |     1 |    12 ||    13
 Abil: Breathe Frost     |       |       |     6 |     2 ||     8
  Use: Scroll            |     1 |    10 |     6 |     5 ||    22
       Potion            |       |     1 |       |       ||     1
 Stab: Sleeping          |       |       |       |     4 ||     4
       Distracted        |       |       |       |     1 ||     1
  Eat: Chunk             |     1 |     7 |    17 |    15 ||    40
       Ration            |       |     1 |     1 |     3 ||     5
Armor: Skin              |    37 |    89 |   118 |   117 ||   361
Dodge: Dodged            |    92 |   109 |   461 |   418 ||  1080
       Deflected         |       |       |     5 |     2 ||     7

Table legend:
 A = Spawn XP
 B = Non-spawn XP
 C = Spawn XP percentage of total XP
 D = Spawn monster count
 E = Non-spawn monster count
 F = Spawn count percentage of total count
 G = Total turns spent on level
                    A         B        C        D         E        F      G
               +---------+---------+-------+---------+---------+-------+---------
         Total |       0 |   17662 |   0.0 |       0 |     307 |   0.0 | 15428
               +---------+---------+-------+---------+---------+-------+---------
           D:1 |       0 |      40 |   0.0 |       0 |      18 |   0.0 |   801
           D:2 |       0 |      86 |   0.0 |       0 |      24 |   0.0 |   730
           D:3 |       0 |     323 |   0.0 |       0 |      33 |   0.0 |  2034
           D:4 |       0 |     601 |   0.0 |       0 |      27 |   0.0 |  1536
           D:5 |       0 |    1128 |   0.0 |       0 |      41 |   0.0 |  1680
           D:6 |       0 |     905 |   0.0 |       0 |      23 |   0.0 |  1477
           D:7 |       0 |    2036 |   0.0 |       0 |      26 |   0.0 |  1420
           D:8 |       0 |    2143 |   0.0 |       0 |      50 |   0.0 |  1535
           D:9 |       0 |    3300 |   0.0 |       0 |      24 |   0.0 |  1432
          D:10 |       0 |    6694 |   0.0 |       0 |      37 |   0.0 |  2355
          D:11 |       0 |     406 |   0.0 |       0 |       4 |   0.0 |   154
               +---------+---------+-------+---------+---------+-------+---------
